 Dungeon Crawl Stone Soup version 0.32-a0-995-gb4a59205af (webtiles) character file.

Game seed: 2494962740067910988

8262 glaedl the Skirmisher (level 11, -7/89 HPs)
             Began as a Black Draconian Hunter on Apr 22, 2024.
             Was a Believer of Hepliaklqana.
             Mangled by a komodo dragon (25 damage)
             ... on level 8 of the Dungeon.
             The game lasted 00:45:17 (11931 turns).

glaedl the Skirmisher (Black Draconian Hunter)     Turns: 11931, Time: 00:45:18

Health: -7/89      AC: 10    Str: 14    XL:     11   Next: 7%
Magic:  0/11       EV: 16    Int:  9    God:    Hepliaklqana [**....]
Gold:   713        SH:  0    Dex: 25    Spells: 10/10 levels left

rFire   . . .        v - +0 orcbow
rCold   . . .        (shield currently unavailable)
rNeg    . . .        (body armour unavailable)
rPois   .            (helmet restricted)
rElec   +            z - +0 cloak
rCorr   .            e - +0 pair of gloves
SInv    +            x - +0 pair of boots
Will    .....        l - amulet of guardian spirit
Stlth   +++          w - +6 ring of dexterity
HPRegen 0.34/turn    b - ring of see invisible
MPRegen 0.12/turn

%: guardian spirit
@: no status effects
A: reduced essence, galvanic breath, AC +7, unfitting armour, electricity
resistance, cold-blooded
a: Galvanic Breath, Renounce Religion, Recall Ancestor, Ancestor Identity


You were on level 8 of the Dungeon.
You worshipped Hepliaklqana.
Hepliaklqana was pleased with you.
You visited 3 branches of the dungeon, and saw 13 of its levels.
You also visited: Bailey.

You collected 713 gold pieces.

Inventory:

Hand Weapons
 h - the +8 falchion of Soiboeqi {holy, Will- Str-3 Dex+6 SInv}
   (You found it on level 2 of the Dungeon)

   Str-3:     It affects your strength (-3).
   Dex+6:     It affects your dexterity (+6).
   Will-:     It decreases your willpower.
   SInv:      It lets you see invisible.
 v - a +0 orcbow (weapon)
Armour
 e - a +0 pair of gloves (worn)
 x - a +0 pair of boots (worn)
 z - a +0 cloak (worn)
Jewellery
 b - a ring of see invisible (right hand)
 l - an amulet of guardian spirit (around neck)
 w - a +6 ring of dexterity (left hand)
 A - the ring "Hearr" {rPois rN+ EV+5 Str+2 Dex-5}
   (You found it in a bailey)

   [ring of evasion]

   EV+5:      It affects your evasion (+5).
   Str+2:     It affects your strength (+2).
   Dex-5:     It affects your dexterity (-5).
   rPois:     It protects you from poison.
   rN+:       It protects you from negative energy.
 G - a ring of protection from cold
Wands
 j - a wand of warping (12)
 s - a wand of flame (10) (quivered)
 y - a wand of charming (9)
Scrolls
 a - a scroll of vulnerability
 c - 4 scrolls of teleportation
 d - 3 scrolls of enchant armour
 f - a scroll of noise {unknown}
 i - a scroll of immolation {unknown}
 m - 2 scrolls of poison
 n - 3 scrolls of blinking {unknown}
 q - a scroll of fear {unknown}
 r - a scroll of brand weapon {unknown}
 t - 2 scrolls of revelation {unknown}
 F - a scroll of silence
Potions
 g - a potion of might {unknown}
 k - 6 potions of enlightenment
 o - a potion of invisibility
 p - a potion of ambrosia {unknown}
 u - a potion of mutation {unknown}
 B - a potion of heal wounds {unknown}
 C - a potion of resistance {unknown}
 D - a potion of haste {unknown}
 E - a potion of brilliance {unknown}


   Skills:
 - Level 10.0 Fighting
 + Level 12.2 Ranged Weapons
 - Level 6.0 Dodging
 - Level 4.0 Stealth


You had 10 spell levels left.
You didn't know any spells.
Your spell library contained the following spells:

 Spells                   Type           Power      Damage    Failure   Level
 Cigotuvi's Dreadful Rot  Necr/Alch/Air  0%         N/A       52%         2
 Inner Flame              Hex/Fire       0%         N/A       77%         3
 Ignite Poison            Fire/Alch      0%         N/A       99%         4
 Freezing Cloud           Conj/Ice/Air   0%         6-21      100%        5
 Irradiate                Conj/Alch      0%         3d11      100%        5
 Ignition                 Fire           0%         3d3       100%        8


Dungeon Overview and Level Annotations

Branches:
Dungeon (11/15)            Temple (1/1) D:5            Lair (1/5) D:8
 Bailey (visited)
    Orc: D:9-12

Altars:
Ashenzari
Cheibriados
Dithmenos
Gozag
Hepliaklqana
Kikubaaqudgha
Makhleb
Nemelex Xobeh
Okawaru
Qazlal
Ru
Sif Muna
Uskayaw
Vehumet
Wu Jian
Xom
Yredelemnul
Zin
The Shining One

Shops:
D:4 *

Annotations:
D:5 Prince Ribbit
D:9 exclusion: boulder beetle
D:11 Sonja


Innate Abilities, Weirdness & Mutations

Your life essence is reduced to manifest your ancestor. (-10% HP)
You can breathe arcing electricity.
Your glossy black scales are hard. (AC +7)
You cannot fit into any form of body armour.
You are resistant to electric shocks. (rElec)
You are cold-blooded and may be slowed by cold attacks.


Message History

The komodo dragon bites you!!
You shoot an arrow.
The arrow hits the komodo dragon but does no damage.
The komodo dragon is severely wounded.
The komodo dragon bites you!!
You are too injured to fight recklessly!
Aiming: Throw Flame
Press: ? - help, Q - select action, (/) - cycle Shift-Dir - straight line, f/p - komodo dragon
Aim: a komodo dragon (severely wounded, 77% to hit)
The puff of flame hits the komodo dragon.
The komodo dragon is severely wounded.
The komodo dragon bites you!
* * * LOW HITPOINT WARNING * * *
Aiming: Throw Flame
Press: ? - help, Q - select action, (/) - cycle Shift-Dir - straight line, f/p - komodo dragon
Aim: a komodo dragon (severely wounded, 77% to hit)
The puff of flame hits the komodo dragon.
The komodo dragon is severely wounded.
The komodo dragon misses you.
Aiming: Throw Flame
Press: ? - help, Q - select action, (/) - cycle Shift-Dir - straight line, f/p - komodo dragon
Aim: a komodo dragon (severely wounded, 77% to hit)
The puff of flame hits the komodo dragon.
The komodo dragon is severely wounded.
The komodo dragon bites you.
* * * LOW HITPOINT WARNING * * *
Aiming: Throw Flame
Press: ? - help, Q - select action, (/) - cycle Shift-Dir - straight line, f/p - komodo dragon
Aim: a komodo dragon (severely wounded, 77% to hit)
The puff of flame hits the komodo dragon.
The komodo dragon is almost dead.
The komodo dragon closely misses you.
Aiming: Throw Flame
Press: ? - help, Q - select action, (/) - cycle Shift-Dir - straight line, f/p - komodo dragon
Aim: a komodo dragon (almost dead, 77% to hit)
The puff of flame hits the komodo dragon.
The komodo dragon is almost dead.
The komodo dragon bites you!!
You die...
Hepliaklqana delivers you to your ancestors.

#.....~≈≈≈≈≈......##
#...###≈≈≈≈###..#..#
#..#..[#≈≈#.).#.##.#
#..#.⌠.#≈≈#.⌠.#.##.#
#..#...#≈~#...#.##.#
#...###~..~###..##.#
#...............##.####### #####
#.)#######.##..###......)####....
##.# #....)#@l.#####..))#R... #Y#
#.###.###.# ####.))... #Y# ##.#
#.##>.# ####### #.# #<.# #(##.##
#..#... ##.######.## #.#[<#
##.##...
#....##...####...#########<.##...
#...R#..................=........
#....[.)#######.#########.######.
#....#.## ##.#######...# #.


You could see a komodo dragon.

Vanquished Creatures
  A centaur warrior (D:8)
  A two-headed ogre (D:9)
  Maurice (D:8)
  Joseph (D:7)
  Jeremiah (D:6)
  A gargoyle (Bailey)
  Maggie (D:7)
  Psyche (D:8)
  2 trolls (D:10)
  A hornet (D:8)
  A vampire (Bailey)
  2 yaks (D:8)
  A wyvern (D:7)
  Eustachio (D:6)
  A water moccasin (D:5)
  An orc warrior (D:10)
  A sky beast (D:7)
  An ice beast (D:6)
  3 centaurs
  A kobold brigand (D:9)
  A bullfrog (D:8)
  A gnoll sergeant (D:7)
  2 scorpions (D:5)
  3 wights (D:8)
  7 vampire bats (Bailey)
  An electric eel (D:8)
  6 wolf zombies (Bailey)
  8 howler monkeys
  2 bombardier beetles
  4 hounds
  3 jellies
  7 orc priests
  3 sleepcaps
  Terence (D:2)
  4 iguanas
  6 orc wizards
  7 adders
  8 gnolls (D:7)
  2 white imps
  2 ribbon worms
  2 dart slugs (D:1)
  34 orcs
  6 ball pythons
  6 endoplasms
  5 giant cockroaches
  11 goblins
  5 hobgoblins
  19 kobolds
  4 quokkas (D:2)
  3 bats
  7 frilled lizards
  19 orc zombies (Bailey)
  5 rats
228 creatures vanquished.

Vanquished Creatures (collateral kills)
  A gargoyle (D:10)
  2 yaks (D:7)
  A wight (D:8)
  A wolf zombie (Bailey)
  A vampire bat (Bailey)
  An orc priest (D:10)
  3 orc zombies (Bailey)
  3 orcs (D:8)
13 creatures vanquished.

Vanquished Creatures (others)
  6 ancestors
6 creatures vanquished.

Grand Total: 247 creatures vanquished

Notes
Turn   | Place    | Note
-------+----------+-------------------------------------------
     0 | D:1      | glaedl the Draconian Hunter began the quest for the Orb.
     0 | D:1      | Reached XP level 1. HP: 17/17 MP: 1/1
    16 | D:1      | Reached skill level 1 in Stealth
   101 | D:1      | Reached XP level 2. HP: 25/25 MP: 2/2
   592 | D:2      | Reached XP level 3. HP: 31/31 MP: 3/3
   681 | D:2      | Identified the +8 falchion of Soiboeqi {holy, Will- Str-3
                  | Dex+6 SInv}
   870 | D:2      | Noticed Terence
   885 | D:2      | Killed Terence
   886 | D:2      | Reached skill level 4 in Ranged Weapons
   886 | D:2      | Reached XP level 4. HP: 28/40 MP: 4/4
  1604 | D:3      | Found a faded altar of an unknown god.
  1839 | D:3      | Found a sparkling altar of Nemelex Xobeh.
  2448 | D:4      | Reached XP level 5. HP: 46/46 MP: 5/5
  2769 | D:4      | Found Utsuruga's Serpentskin Sales.
  2783 | D:4      | Reached skill level 5 in Ranged Weapons
  3176 | D:4      | Reached XP level 6. HP: 52/52 MP: 6/6
  3186 | D:4      | Found a glowing silver altar of Zin.
  3546 | D:5      | Entered Level 5 of the Dungeon
  3559 | D:5      | Noticed Prince Ribbit
  3669 | D:5      | Reached skill level 5 in Fighting
  4110 | D:5      | Found a staircase to the Ecumenical Temple.
  4118 | Temple   | Entered the Ecumenical Temple
  4126 | Temple   | Became a worshipper of Hepliaklqana the Forgotten
  4194 | D:5      | Your scales start taking on a glossy black colour.
  4194 | D:5      | Reached XP level 7. HP: 61/64 MP: 7/7
  4194 | D:5      | Gained mutation: You are resistant to electric shocks.
                  | (rElec) [Black Draconian growth]
  4807 | D:6      | Noticed Eustachio
  4825 | D:6      | Reached XP level 8. HP: 74/74 MP: 8/8
  4829 | D:6      | Reached skill level 6 in Ranged Weapons
  5146 | D:6      | Noticed Jeremiah
  5799 | D:6      | Killed Eustachio
  5858 | D:7      | Noticed Joseph
  6267 | D:6      | Killed Jeremiah
  6268 | D:6      | Reached skill level 7 in Ranged Weapons
  6443 | D:6      | Reached skill level 8 in Ranged Weapons
  6884 | D:7      | Found a burning altar of Makhleb.
  7077 | D:7      | Reached XP level 9. HP: 81/81 MP: 9/9
  7174 | D:7      | Noticed Maggie
  7190 | D:7      | Killed Maggie
  7191 | D:7      | Reached skill level 9 in Ranged Weapons
  7496 | D:7      | Killed Joseph
  7976 | D:7      | Reached * piety under Hepliaklqana
  8126 | D:8      | Noticed Maurice
  8181 | D:8      | Paralysed by a hornet for 3 turns
  8188 | D:8      | Found a staircase to the Lair.
  8585 | D:8      | Killed Maurice
  8586 | D:8      | Reached skill level 10 in Ranged Weapons
  8656 | D:8      | Reached XP level 10. HP: 81/81 MP: 10/10
  8681 | D:8      | Noticed a centaur warrior
  9164 | D:7      | Reached skill level 11 in Ranged Weapons
  9193 | D:8      | Killed a centaur warrior
  9194 | D:8      | Reached skill level 5 in Dodging
  9339 | D:8      | Noticed Psyche
  9493 | D:8      | Killed Psyche
  9667 | D:8      | Found an ornate altar of the Wu Jian Council.
 10161 | D:9      | Noticed a boulder beetle
 10270 | D:9      | Found a flagged portal.
 10346 | Bailey   | Entered a bailey
 10412 | Bailey   | Identified the ring "Hearr" {rPois rN+ EV+5 Str+2 Dex-5}
 10553 | Bailey   | Reached skill level 10 in Fighting
 10627 | Bailey   | Noticed a gargoyle
 10662 | Bailey   | Killed a gargoyle
 11058 | D:10     | Entered Level 10 of the Dungeon
 11202 | D:10     | Noticed a two-headed ogre
 11350 | D:9      | Killed a two-headed ogre
 11351 | D:9      | Reached skill level 12 in Ranged Weapons
 11351 | D:9      | Reached XP level 11. HP: 61/89 MP: 8/11
 11469 | D:10     | Reached ** piety under Hepliaklqana
 11470 | D:10     | Remembered your ancestor Jelly as a knight
 11883 | D:11     | Noticed Sonja
 11917 | Lair:1   | Entered Level 1 of the Lair of Beasts
 11931 | D:8      | Mangled by a komodo dragon

Illustrated notes

Levels and vault maps discovered:
D:1:      lemuel_arrival_cross, layout_rooms, hex_tiny
D:2:      layout_basic, st_stairs_11, uniq_terence
D:3:      layout_basic, mainiacjoe_overflow_24_doors,
          hellmonk_ecumenical_altar_run_dry, minmay_bisected
D:4:      layout_cave_pods, zin_scriptorium, guppyfry_shop_venom
D:5:      layout_loops_ring, minmay_temple_entry_mist, reono_crystal_passage,
          uniq_prince_ribbit1
D:6:      layout_basic, uniq_eustachio, uniq_jeremiah
D:7:      layout_loops_corners, mainiacjoe_overflow_small_starburst,
          uniq_maggie, uniq_joseph
D:8:      layout_rooms, mainiacjoe_overflow_tiny_flanked, lair_entry_dummy,
          special_room [special_room_orc], fountainhead, uniq_psyche,
          uniq_maurice
D:9:      layout_roguey, mainiacjoe_overflow_two_lobes, trog_hazing_becter,
          enter_bailey_8
D:10:     layout_basic
D:11:     minmay_the_grid_triangle_9x9_recursive_3_mashed
          [minmay_the_grid_triangle_9x9_subtriangle,
          minmay_the_grid_triangle_9x9_alien,
          minmay_the_grid_triangle_9x9_negative_grid,
          minmay_the_grid_triangle_9x9_prize_top_heavy,
          minmay_the_grid_triangle_9x9_shrine,
          minmay_the_grid_triangle_9x9_flanged_cone,
          minmay_the_grid_triangle_9x9_pentomino_pain,
          minmay_the_grid_triangle_9x9_skeleton,
          minmay_the_grid_triangle_9x9_checkered], layout_long_grid, uniq_sonja,
          uniq_josephine
Temple:   hellmonk_temple_of_storms
Lair:1:   layout_big_grid, portal_ice_cave_entry_imps, grunt_megastairs_2,
          uniq_amaemon

Skill      XL: |  1  2  3  4  5  6  7  8  9 10 |
---------------+-------------------------------+-----
Stealth        | 1 2 4 |  4.0
Fighting       | 3 4 6 8 9 10 | 10.0
Ranged Weapons | 4 5 8 10 12 | 12.2
Dodging        | 3 4 6 |  6.0

Action                     |  1- 3 |  4- 6 |  7- 9 | 10-12 || total
---------------------------+-------+-------+-------+-------++-------
  Melee: Falchion          |    12 |    15 |     2 |       ||    29
         Shortbow          |       |     9 |       |       ||     9
         Tailslap          |       |     2 |       |       ||     2
         Orcbow            |       |       |     1 |       ||     1
   Fire: Shortbow          |   107 |   251 |    35 |       ||   393
         Orcbow            |       |       |   347 |   278 ||   625
 Invoke: Ancestor Identity |       |       |     1 |     1 ||     2
         Ancestor Life: Kn |       |       |       |     1 ||     1
Ability: Galvanic Breath   |       |       |     2 |       ||     2
  Evoke: Wand              |       |       |       |     9 ||     9
    Use: Scroll            |       |     4 |     5 |     2 ||    11
         Potion            |       |       |       |     1 ||     1
   Stab: Sleeping          |     3 |       |       |       ||     3
 Armour: Skin              |    30 |    90 |   145 |    62 ||   327
  Dodge: Dodged            |    29 |    78 |   138 |    98 ||   343

Table legend: (Time is in decaauts)
 A = Elapsed time spent in this place.
 B = Non-inter-level travel time spent in this place.
 C = Inter-level travel time spent in this place.
 D = Time resting spent in this place.
 E = Time spent auto-exploring this place.
 F = Levels seen in this place.
 G = Mean time per level.
                   A        B        C        D        E       F      G
               +--------+--------+--------+--------+--------+-----+--------+
         Total |  12018 |  11453 |    565 |   2144 |   6823 |  14 |  858.4 |
       Dungeon |  11570 |  11011 |    559 |   2105 |   6650 |  11 | 1051.8 |
        Temple |     15 |      9 |      6 |      0 |      0 |   1 |   15.0 |
          Lair |      6 |      6 |      0 |      0 |      0 |   1 |    6.0 |
        Bailey |    426 |    426 |      0 |     39 |    173 |   1 |  426.0 |
               +--------+--------+--------+--------+--------+-----+--------+

Top non-repeatable levels by time:
     D:7: 2145 daAuts
     D:6: 1858 daAuts
     D:4: 1215 daAuts
     D:5: 1187 daAuts
     D:8: 1125 daAuts
     D:2: 1106 daAuts
     D:9: 1023 daAuts
     D:3: 756 daAuts
    D:10: 623 daAuts
     D:1: 525 daAuts
  Bailey: 426 daAuts
  Temple: 15 daAuts
  Lair:1: 6 daAuts
    D:11: 1 daAuts
